Coyotes vs Avalanche

Created - May 14, 2023 at 21:31

Goals
1 2 3 T
Coyotes 3 0 2 5
Avalanche 0 0 0 0
Shots
1 2 3 T
Coyotes 13 13 6 32
Avalanche 5 13 4 22

GoalsPenalties
1st period
1. Coyotes , Ilya Mikheyev 19 (Barclay Goodrow 17, Oliver Ekman-Larsson 15) at 4:06
2. Coyotes , David Krejci 5 (Nikita Kucherov 50, Leon Draisaitl 34) at 11:56
3. Coyotes , Ilya Mikheyev 20 (Kevin Hayes 21, Hampus Lindholm 25) at 13:13
Kevin Labanc (COL) for Interference (Minor) at 4:49
2nd period
No Goal
Oliver Ekman-Larsson (ARI) for Hooking (Minor) at 1:24
Charlie McAvoy (ARI) for High sticking (Minor) at 12:10
Oliver Ekman-Larsson (ARI) for Hooking (Minor) at 14:23
3rd period
4. Coyotes , Kevin Hayes 10 (Ilya Mikheyev 20, Cody Ceci 29) at 4:31
5. Coyotes , Leon Draisaitl 39 (Nikita Kucherov 51, David Krejci 13) at 4:50
Patrik Nemeth (COL) for Interference (Minor) at 8:17
Brendan Smith (COL) for High sticking (Minor) at 13:04
Goalie Stats
Antti Raanta (ARI), 22 saves from 22 shots - (1.000), W, 29-9-4, 60:00 minutes
Joonas Korpisalo (COL), 27 saves from 32 shots - (0.844), L, 9-16-1, 60:00 minutes
3 StarsOfficial
1 - Ilya Mikheyev (ARI)
2 - Kevin Hayes (ARI)
3 - Antti Raanta (ARI)
Referees : Ben O'Quinn and Brad Meier
Linesman : Jaime Alary and Darren Gibbs
Game Note
No Game Note
Finance
Level 1 -- Attendance: 6000 (100.00%) -- Ticket Income $924,000
Level 2 -- Attendance: 5000 (100.00%) -- Ticket Income $545,000
Level 3 -- Attendance: 3832 (95.80%) -- Ticket Income $341,048
Level 4 -- Attendance: 3000 (100.00%) -- Ticket Income $192,000
Luxury Box -- Attendance: 1000 (100.00%) -- Ticket Income $239,000
Game was played at the Pepsi Center.
Total Attendance: 18832 (99.12%)
Total Ticket Income: $2,241,048
Total Income: $2,241,048



Team Name Goals Shots Shots Attemp Shots Blocked PIM HIT PP PK FO%
Coyotes 5326676220 / 3 (0%)060%
Avalanche 0224076290 / 3 (0%)040%

Coyotes
Player Name POS G A P +/- PIM HIT SHT SB MP PP MP PP SHT PK MP PK SHT FO% FOT
Barclay GoodrowC/LW0113024012:580:0002:112100% 1
Blake ColemanC/LW/RW0000022013:110:0000:0000% 1
Brett PesceD0001000119:042:2803:2600% 0
Charlie McAvoyD0002250024:023:2902:0500% 0
Cody CeciD0112002223:243:2923:2800% 0
David KrejciC1122011020:012:2800:09071% 34
Ethan BearD0001010113:360:0000:2600% 0
Hampus LindholmD0112020020:582:2802:0300% 0
Ilya MikheyevLW/RW2133023214:240:0003:3700% 0
Jesper FastRW000001106:440:0000:0000% 1
Kevin HayesC/LW/RW1123014016:522:2823:37044% 16
Kirill KaprizovLW/RW0000001015:482:2800:0900% 1
Leon DraisaitlC/LW/RW1122005120:533:2900:000100% 1
Nico SturmC000000106:440:0000:00067% 6
Nikita KucherovRW0222015020:533:2910:000100% 1
Oliver Ekman-LarssonD0112421018:530:0000:2600% 0
Oskar SundqvistLW/RW000000006:440:0000:0000% 0
Pierre-Luc DuboisC/LW0000022018:513:2902:11057% 23
Avalanche
Player Name POS G A P +/- PIM HIT SHT SB MP PP MP PP SHT PK MP PK SHT FO% FOT
Antoine RousselLW000-1023014:200:0003:040100% 1
Brendan GallagherRW000-1043015:463:0100:0000% 0
Brendan SmithLW/D000-1231120:503:1201:0800% 0
Brock McGinnLW/RW000-1000114:370:0002:3700% 1
Jake MuzzinD000-4030122:483:1202:4700% 0
Jakub VoracekLW/RW000-1000014:562:5600:0000% 1
Jordan MartinookC/LW/RW000-1001014:050:0002:49040% 15
Kevin LabancLW/RW000-1221015:402:5600:0000% 1
Libor HajekD0000001018:180:0003:1100% 0
Luke KuninC/RW000-1031014:460:0002:46033% 21
Marcus JohanssonLW/RW000-2000015:063:0100:000100% 1
Micheal FerlandLW/RW000-2020012:090:0000:0400% 0
Patrik NemethD000-1220317:500:0001:4100% 0
Philippe MyersD000-4053020:462:4521:3300% 0
Richard PanikLW/RW000-1020111:160:0000:0000% 0
Ryan DonatoC/LW000-2004015:063:0100:00044% 25
Travis BoydC/RW000-1003016:152:5620:34042% 19
William BorgenD0000011019:262:4511:3400% 0

Coyotes

5 vs 5 Forward
Line #Left WingCenterRight WingPHYDFOFWanted %Time %Time Play
1Leon DraisaitlDavid KrejciNikita Kucherov1224036%17:24
2Kirill KaprizovPierre-Luc DuboisBlake Coleman1223027%13:11
3Barclay GoodrowKevin HayesIlya Mikheyev1222522%10:47
4Oskar SundqvistNico SturmJesper Fast122514%6:44
5 vs 5 Defense
Line #DefenseDefensePHYDFOFWanted %Time %Time Play
1Charlie McAvoyOliver Ekman-Larsson1224038%18:29
2Hampus LindholmCody Ceci1223534%16:27
3Brett PesceEthan Bear1222527%13:10
4Charlie McAvoyCody Ceci04100%0:00
Power Play Forward
Line #Left WingCenterRight WingPHYDFOFWanted %Time %Time Play
1Leon DraisaitlPierre-Luc DuboisNikita Kucherov1226059%3:29
2Kevin HayesDavid KrejciKirill Kaprizov1224041%2:28
Power Play Defense
Line #DefenseDefensePHYDFOFWanted %Time %Time Play
1Charlie McAvoyCody Ceci1226059%3:29
2Brett PesceHampus Lindholm1134041%2:28
Penalty Kill 4 Players Forward
Line #CenterWingPHYDFOFWanted %Time %Time Play
1Kevin HayesIlya Mikheyev1316063%3:46
2Pierre-Luc DuboisBarclay Goodrow1314037%2:11
Penalty Kill 4 Players Defense
Line #DefenseDefensePHYDFOFWanted %Time %Time Play
1Charlie McAvoyCody Ceci1316066%3:54
2Brett PesceHampus Lindholm1314034%2:03
Penalty Kill 3 Players
Line #WingPHYDFOFWanted %Time %Time PlayDefenseDefensePHYDFOFWanted %Time %Time Play
1Kevin Hayes131600%0:00 Charlie McAvoyOliver Ekman-Larsson131600%0:00
2Leon Draisaitl131400%0:00 Cody CeciHampus Lindholm131400%0:00
4 vs 4 Forward
Line #CenterWingPHYDFOFWanted %Time %Time Play
1Leon DraisaitlNikita Kucherov122600%0:00
2David KrejciKirill Kaprizov122400%0:00
4 vs 4 Defense
Line #DefensePHYDFOFWanted %Time %Time Play
1Charlie McAvoyCody Ceci122600%0:00
2Brett PesceHampus Lindholm122400%0:00
Last Minutes Offensive
Left WingCenterRight WingDefenseDefense
Kirill KaprizovLeon DraisaitlNikita KucherovCharlie McAvoyHampus Lindholm
Last Minutes Defensive
Left WingCenterRight WingDefenseDefense
Kevin HayesLeon DraisaitlIlya MikheyevCharlie McAvoyHampus Lindholm
Time
Total ForwardTotal DefenseLast Minutes OffensiveLast Minutes Defensive
60:00 60:00 0:000:00
Extra Forwards
Normal PowerPlayPenalty Kill
Leon Draisaitl, Pierre-Luc Dubois, Kirill KaprizovLeon Draisaitl, Pierre-Luc DuboisKevin Hayes
Extra Defensemen
Normal PowerPlayPenalty Kill
Charlie McAvoy, Hampus Lindholm, Brett PesceCharlie McAvoy, Charlie McAvoyCody Ceci
Penalty Shots
Kirill Kaprizov, David Krejci, Leon Draisaitl, Nikita Kucherov, Blake Coleman
Goalie
Antti Raanta, Jake Allen
Custom OT Lines Forwards
Leon Draisaitl, Kirill Kaprizov, Nikita Kucherov, Pierre-Luc Dubois, Blake Coleman, Kevin Hayes, Barclay Goodrow, Ilya Mikheyev, David Krejci, Nico Sturm
Custom OT Lines Defensemen
Charlie McAvoy, Cody Ceci, Brett Pesce, Hampus Lindholm, Oliver Ekman-Larsson
Scratches
Christian Fischer (Healthy), Sean Durzi (Healthy), Slater Koekkoek (Healthy), Erik Kallgren (Healthy), Kaapo Kahkonen (Sprained Left Finger Injury)

Avalanche

5 vs 5 Forward
Line #Left WingCenterRight WingPHYDFOFWanted %Time %Time Play
1Jakub VoracekLuke KuninBrock McGinn1222625%12:00
2Kevin LabancTravis BoydBrendan Gallagher1222627%12:45
3Micheal FerlandRyan DonatoMarcus Johansson1222425%12:05
4Antoine RousselJordan MartinookRichard Panik1222423%11:16
5 vs 5 Defense
Line #DefenseDefensePHYDFOFWanted %Time %Time Play
1Jake MuzzinPhilippe Myers1223434%16:28
2Patrik NemethBrendan Smith1223234%16:10
3Libor HajekWilliam Borgen1223031%15:07
4Jake MuzzinBrendan Smith12241%0:21
Power Play Forward
Line #Left WingCenterRight WingPHYDFOFWanted %Time %Time Play
1Jakub VoracekTravis BoydKevin Labanc1225049%2:56
2Marcus JohanssonRyan DonatoBrendan Gallagher1225051%3:01
Power Play Defense
Line #DefenseDefensePHYDFOFWanted %Time %Time Play
1Jake MuzzinBrendan Smith1225054%3:12
2William BorgenPhilippe Myers1225046%2:45
Penalty Kill 4 Players Forward
Line #CenterWingPHYDFOFWanted %Time %Time Play
1Luke KuninAntoine Roussel1225053%3:08
2Jordan MartinookBrock McGinn1225047%2:49
Penalty Kill 4 Players Defense
Line #DefenseDefensePHYDFOFWanted %Time %Time Play
1Libor HajekPatrik Nemeth1225047%2:49
2Jake MuzzinBrendan Smith1225053%3:08
Penalty Kill 3 Players
Line #WingPHYDFOFWanted %Time %Time PlayDefenseDefensePHYDFOFWanted %Time %Time Play
1Luke Kunin122500%0:00 Brendan SmithPatrik Nemeth122500%0:00
2Jordan Martinook122500%0:00 Libor HajekJake Muzzin122500%0:00
4 vs 4 Forward
Line #CenterWingPHYDFOFWanted %Time %Time Play
1Travis BoydJakub Voracek122500%0:00
2Luke KuninBrendan Gallagher122500%0:00
4 vs 4 Defense
Line #DefensePHYDFOFWanted %Time %Time Play
1Brendan SmithPatrik Nemeth122500%0:00
2William BorgenPhilippe Myers122500%0:00
Last Minutes Offensive
Left WingCenterRight WingDefenseDefense
Jakub VoracekTravis BoydBrendan GallagherWilliam BorgenPhilippe Myers
Last Minutes Defensive
Left WingCenterRight WingDefenseDefense
Antoine RousselLuke KuninBrock McGinnJake MuzzinPatrik Nemeth
Time
Total ForwardTotal DefenseLast Minutes OffensiveLast Minutes Defensive
60:00 60:00 0:000:00
Extra Forwards
Normal PowerPlayPenalty Kill
Micheal Ferland, Antoine Roussel, Kevin LabancLuke Kunin, Brock McGinnTravis Boyd
Extra Defensemen
Normal PowerPlayPenalty Kill
Jake Muzzin, Libor Hajek, Philippe MyersLibor Hajek, Philippe MyersWilliam Borgen
Penalty Shots
Ryan Donato, Brock McGinn, Antoine Roussel, Jakub Voracek, Brendan Gallagher
Goalie
Joonas Korpisalo, Ben Bishop
Custom OT Lines Forwards
Jakub Voracek, Brendan Gallagher, Ryan Donato, Travis Boyd, Brock McGinn, Luke Kunin, Kevin Labanc, Marcus Johansson, Antoine Roussel, Micheal Ferland
Custom OT Lines Defensemen
Jake Muzzin, Patrik Nemeth, Brendan Smith, William Borgen, Libor Hajek
Scratches
Austin Czarnik (Bruised Right Shoulder Injury), Nikita Zadorov (Lower Body Injury), Merrick Madsen (Lower Body Injury)


Play-by-Play

1st period


0:01 of 1st period - David Krejci wins face-off versus Luke Kunin in neutral zone.
0:18 of 1st period - Shot by Nikita Kucherov.
0:18 of 1st period - Deflect By David Krejci.
0:18 of 1st period - Shot Misses the Net.
0:20 of 1st period - Shot by David Krejci.
0:20 of 1st period - Shot Misses the Net.
1:09 of 1st period - Icing by Cody Ceci.
1:10 of 1st period - Ryan Donato wins face-off versus Pierre-Luc Dubois in Coyotes zone.
1:11 of 1st period - Shot by Marcus Johansson.
1:11 of 1st period - Shot Misses the Net.
1:13 of 1st period - Shot by Libor Hajek.
1:13 of 1st period - Shot Misses the Net.
1:21 of 1st period - Shot by Ryan Donato.
1:21 of 1st period - Stopped by Antti Raanta without a rebound.
1:22 of 1st period - Kevin Hayes wins face-off versus Jordan Martinook in Coyotes zone.
1:22 of 1st period - Kevin Hayes is hit by Richard Panik.
1:34 of 1st period - Shot by Barclay Goodrow.
1:34 of 1st period - Shot Misses the Net.
1:43 of 1st period - Kevin Hayes is hit by Brendan Smith and loses puck.
1:46 of 1st period - Shot by Ilya Mikheyev.
1:46 of 1st period - Stopped by Joonas Korpisalo with a rebound.
2:00 of 1st period - Icing by Brendan Smith.
2:01 of 1st period - Jordan Martinook wins face-off versus Nico Sturm in Avalanche zone.
2:48 of 1st period - Shot by Brendan Gallagher.
2:48 of 1st period - Shot Misses the Net.
3:12 of 1st period - Off-side.
3:13 of 1st period - David Krejci wins face-off versus Ryan Donato in neutral zone.
3:24 of 1st period - Shot by Nikita Kucherov.
3:24 of 1st period - Shot Misses the Net.
3:34 of 1st period - Shot by Ryan Donato.
3:34 of 1st period - Shot Blocked by Leon Draisaitl.
3:36 of 1st period - Shot by Philippe Myers.
3:36 of 1st period - Stopped by Antti Raanta without a rebound.
3:37 of 1st period - Luke Kunin wins face-off versus Pierre-Luc Dubois in Coyotes zone.
3:47 of 1st period - Off-side.
3:48 of 1st period - Kevin Hayes wins face-off versus Jordan Martinook in neutral zone.
3:58 of 1st period - Shot by Kevin Hayes.
3:58 of 1st period - Shot Misses the Net.
4:06 of 1st period - Shot by Ilya Mikheyev.
4:06 of 1st period - Goal by Ilya Mikheyev - Coyotes : 1 - Avalanche : 0.
4:07 of 1st period - Ryan Donato wins face-off versus Pierre-Luc Dubois in neutral zone.
4:20 of 1st period - Shot by Blake Coleman.
4:20 of 1st period - Shot Misses the Net.
4:28 of 1st period - Shot by Ryan Donato.
4:28 of 1st period - Stopped by Antti Raanta without a rebound.
4:29 of 1st period - Travis Boyd wins face-off versus David Krejci in Coyotes zone.
4:29 of 1st period - Travis Boyd is hit by Charlie McAvoy.
4:31 of 1st period - Shot by Brendan Gallagher.
4:31 of 1st period - Stopped by Antti Raanta without a rebound.
4:32 of 1st period - David Krejci wins face-off versus Travis Boyd in Coyotes zone.
4:49 of 1st period - Minor Penalty to Kevin Labanc for Interference.
4:50 of 1st period - Pierre-Luc Dubois wins face-off versus Luke Kunin in Avalanche zone.
4:51 of 1st period - Shot by Leon Draisaitl.
4:51 of 1st period - Shot Misses the Net.
4:53 of 1st period - Shot by Charlie McAvoy.
4:53 of 1st period - Shot Misses the Net.
4:55 of 1st period - Shot by Charlie McAvoy.
4:55 of 1st period - Shot Blocked by Patrik Nemeth.
4:57 of 1st period - Shot by Cody Ceci.
4:57 of 1st period - Shot Misses the Net.
4:59 of 1st period - Shot by Cody Ceci.
4:59 of 1st period - Stopped by Joonas Korpisalo without a rebound.
5:00 of 1st period - David Krejci wins face-off versus Jordan Martinook in Avalanche zone.
5:30 of 1st period - Shot by Kevin Hayes.
5:30 of 1st period - Stopped by Joonas Korpisalo without a rebound.
5:31 of 1st period - Pierre-Luc Dubois wins face-off versus Luke Kunin in Avalanche zone.
6:00 of 1st period - Brock McGinn is hit by Pierre-Luc Dubois and loses puck.
6:36 of 1st period - Off-side.
6:37 of 1st period - David Krejci wins face-off versus Luke Kunin in neutral zone.
6:39 of 1st period - Off-side.
6:40 of 1st period - Jordan Martinook wins face-off versus Kirill Kaprizov in neutral zone.
6:55 of 1st period - Marcus Johansson is hit by Jesper Fast and loses puck.
7:02 of 1st period - Shot by Nico Sturm.
7:02 of 1st period - Shot Misses the Net.
9:04 of 1st period - Cody Ceci is hit by Brendan Smith and loses puck.
9:47 of 1st period - Philippe Myers is hit by Blake Coleman and loses puck.
10:16 of 1st period - Shot by Ilya Mikheyev.
10:16 of 1st period - Shot Blocked by Richard Panik.
10:18 of 1st period - Shot by Oliver Ekman-Larsson.
10:18 of 1st period - Stopped by Joonas Korpisalo without a rebound.
10:19 of 1st period - Nico Sturm wins face-off versus Ryan Donato in Avalanche zone.
10:55 of 1st period - Icing by Hampus Lindholm.
10:56 of 1st period - Nico Sturm wins face-off versus Travis Boyd in Coyotes zone.
11:28 of 1st period - Icing by Charlie McAvoy.
11:29 of 1st period - Nikita Kucherov wins face-off versus Luke Kunin in Coyotes zone.
11:54 of 1st period - Shot by Nikita Kucherov.
11:54 of 1st period - Deflect By David Krejci.
11:54 of 1st period - Shot Misses the Net.
11:56 of 1st period - Shot by David Krejci.
11:56 of 1st period - Goal by David Krejci - Coyotes : 2 - Avalanche : 0.
11:57 of 1st period - Pierre-Luc Dubois wins face-off versus Jordan Martinook in neutral zone.
12:04 of 1st period - Shot by Blake Coleman.
12:04 of 1st period - Stopped by Joonas Korpisalo with a rebound.
12:32 of 1st period - Jordan Martinook is hit by Blake Coleman and loses puck.
13:11 of 1st period - Shot by Kevin Hayes.
13:11 of 1st period - Stopped by Joonas Korpisalo with a rebound.
13:13 of 1st period - Shot by Ilya Mikheyev.
13:13 of 1st period - Goal by Ilya Mikheyev - Coyotes : 3 - Avalanche : 0.
13:14 of 1st period - David Krejci wins face-off versus Brock McGinn in neutral zone.
13:21 of 1st period - Shot by Leon Draisaitl.
13:21 of 1st period - Stopped by Joonas Korpisalo without a rebound.
13:22 of 1st period - David Krejci wins face-off versus Luke Kunin in Avalanche zone.
13:35 of 1st period - Shot by Leon Draisaitl.
13:35 of 1st period - Deflect By Nikita Kucherov.
13:35 of 1st period - Stopped by Joonas Korpisalo without a rebound.
13:36 of 1st period - Travis Boyd wins face-off versus Kevin Hayes in Avalanche zone.
13:36 of 1st period - Travis Boyd is hit by Ilya Mikheyev.
13:50 of 1st period - Shot by Kevin Labanc.
13:50 of 1st period - Stopped by Antti Raanta without a rebound.
13:51 of 1st period - David Krejci wins face-off versus Luke Kunin in Coyotes zone.
15:18 of 1st period - Libor Hajek is hit by Pierre-Luc Dubois and loses puck.
15:27 of 1st period - Shot by Hampus Lindholm.
15:27 of 1st period - Shot Misses the Net.
16:19 of 1st period - Brendan Gallagher is hit by Barclay Goodrow and loses puck.
16:52 of 1st period - Shot by Nico Sturm.
16:52 of 1st period - Stopped by Joonas Korpisalo with a rebound.
16:59 of 1st period - Icing by Jake Muzzin.
17:00 of 1st period - David Krejci wins face-off versus Travis Boyd in Avalanche zone.
17:10 of 1st period - Nikita Kucherov is hit by Jake Muzzin and loses puck.
17:13 of 1st period - Shot by Nikita Kucherov.
17:13 of 1st period - Stopped by Joonas Korpisalo without a rebound.
17:14 of 1st period - Marcus Johansson wins face-off versus Blake Coleman in Avalanche zone.
17:21 of 1st period - Shot by Ryan Donato.
17:21 of 1st period - Shot Blocked by Cody Ceci.
17:41 of 1st period - Shot by Pierre-Luc Dubois.
17:41 of 1st period - Shot Misses the Net.
19:57 of 1st period - Icing by Jake Muzzin.
19:58 of 1st period - Luke Kunin wins face-off versus Pierre-Luc Dubois in Avalanche zone.
Goals for this period are 3 for Coyotes vs 0 for Avalanche.
Shots for this period are 13 for Coyotes vs 5 for Avalanche.

2nd period


0:01 of 2nd period - David Krejci wins face-off versus Ryan Donato in neutral zone.
0:08 of 2nd period - Shot by Nikita Kucherov.
0:08 of 2nd period - Shot Blocked by Brendan Smith.
0:13 of 2nd period - Off-side.
0:14 of 2nd period - Luke Kunin wins face-off versus Pierre-Luc Dubois in neutral zone.
0:31 of 2nd period - Pierre-Luc Dubois is hit by Philippe Myers and loses puck.
0:47 of 2nd period - Kirill Kaprizov is hit by Philippe Myers and loses puck.
1:07 of 2nd period - Off-side.
1:08 of 2nd period - Ryan Donato wins face-off versus David Krejci in neutral zone.
1:24 of 2nd period - Minor Penalty to Oliver Ekman-Larsson for Hooking.
1:25 of 2nd period - Ryan Donato wins face-off versus Kevin Hayes in Coyotes zone.
1:36 of 2nd period - Shot by Brendan Gallagher.
1:36 of 2nd period - Shot Misses the Net.
1:38 of 2nd period - Shot by Philippe Myers.
1:38 of 2nd period - Stopped by Antti Raanta with a rebound.
1:40 of 2nd period - Shot by Brendan Gallagher.
1:40 of 2nd period - Shot Misses the Net.
1:42 of 2nd period - Shot by William Borgen.
1:42 of 2nd period - Shot Blocked by Brett Pesce.
1:44 of 2nd period - Shot by Philippe Myers.
1:44 of 2nd period - Stopped by Antti Raanta without a rebound.
1:45 of 2nd period - Kevin Hayes wins face-off versus Travis Boyd in Coyotes zone.
2:14 of 2nd period - Shot by Jakub Voracek.
2:14 of 2nd period - Shot Blocked by Ilya Mikheyev.
2:52 of 2nd period - Shot by Brendan Gallagher.
2:52 of 2nd period - Shot Misses the Net.
3:20 of 2nd period - Brett Pesce is hit by Kevin Labanc.
3:47 of 2nd period - Oskar Sundqvist is hit by Richard Panik and loses puck.
4:30 of 2nd period - Shot by Ryan Donato.
4:30 of 2nd period - Stopped by Antti Raanta with a rebound.
4:32 of 2nd period - Shot by Brendan Smith.
4:32 of 2nd period - Shot Misses the Net.
4:34 of 2nd period - Shot by Brendan Smith.
4:34 of 2nd period - Stopped by Antti Raanta without a rebound.
4:35 of 2nd period - Luke Kunin wins face-off versus Pierre-Luc Dubois in Coyotes zone.
4:35 of 2nd period - Luke Kunin is hit by Hampus Lindholm.
5:32 of 2nd period - Icing by Oliver Ekman-Larsson.
5:33 of 2nd period - Travis Boyd wins face-off versus Kevin Hayes in Coyotes zone.
5:53 of 2nd period - Icing by Charlie McAvoy.
5:54 of 2nd period - Kevin Hayes wins face-off versus Ryan Donato in Coyotes zone.
6:22 of 2nd period - Icing by Libor Hajek.
6:23 of 2nd period - Ryan Donato wins face-off versus David Krejci in Avalanche zone.
6:30 of 2nd period - Shot by Nikita Kucherov.
6:30 of 2nd period - Deflect By Leon Draisaitl.
6:30 of 2nd period - Stopped by Joonas Korpisalo without a rebound.
6:31 of 2nd period - Travis Boyd wins face-off versus David Krejci in Avalanche zone.
6:50 of 2nd period - Shot by Leon Draisaitl.
6:50 of 2nd period - Stopped by Joonas Korpisalo with a rebound.
7:48 of 2nd period - Shot by Pierre-Luc Dubois.
7:48 of 2nd period - Stopped by Joonas Korpisalo without a rebound.
7:49 of 2nd period - Jordan Martinook wins face-off versus Kevin Hayes in Avalanche zone.
7:49 of 2nd period - Jordan Martinook is hit by Barclay Goodrow.
7:54 of 2nd period - Libor Hajek is hit by Charlie McAvoy and loses puck.
7:59 of 2nd period - Shot by Jordan Martinook.
7:59 of 2nd period - Stopped by Antti Raanta without a rebound.
8:00 of 2nd period - Ryan Donato wins face-off versus Nico Sturm in Coyotes zone.
8:21 of 2nd period - Shot by Jesper Fast.
8:21 of 2nd period - Stopped by Joonas Korpisalo without a rebound.
8:22 of 2nd period - David Krejci wins face-off versus Jordan Martinook in Avalanche zone.
8:25 of 2nd period - Shot by Leon Draisaitl.
8:25 of 2nd period - Deflect By Nikita Kucherov.
8:25 of 2nd period - Stopped by Joonas Korpisalo without a rebound.
8:26 of 2nd period - David Krejci wins face-off versus Luke Kunin in Avalanche zone.
8:31 of 2nd period - Shot by Nikita Kucherov.
8:31 of 2nd period - Stopped by Joonas Korpisalo without a rebound.
8:32 of 2nd period - Jordan Martinook wins face-off versus David Krejci in Avalanche zone.
9:23 of 2nd period - Jordan Martinook is hit by Hampus Lindholm and loses puck.
9:39 of 2nd period - Shot by Hampus Lindholm.
9:39 of 2nd period - Shot Misses the Net.
9:41 of 2nd period - Shot by Kirill Kaprizov.
9:41 of 2nd period - Stopped by Joonas Korpisalo without a rebound.
9:42 of 2nd period - Travis Boyd wins face-off versus Kevin Hayes in Avalanche zone.
9:47 of 2nd period - Shot by Brendan Gallagher.
9:47 of 2nd period - Stopped by Antti Raanta with a rebound.
10:05 of 2nd period - Shot by Travis Boyd.
10:05 of 2nd period - Stopped by Antti Raanta without a rebound.
10:06 of 2nd period - Pierre-Luc Dubois wins face-off versus Luke Kunin in Coyotes zone.
10:10 of 2nd period - Pierre-Luc Dubois is hit by Philippe Myers and loses puck.
10:17 of 2nd period - Shot by Blake Coleman.
10:17 of 2nd period - Stopped by Joonas Korpisalo with a rebound.
10:19 of 2nd period - Shot by Cody Ceci.
10:19 of 2nd period - Shot Blocked by Brock McGinn.
10:21 of 2nd period - Shot by Pierre-Luc Dubois.
10:21 of 2nd period - Shot Misses the Net.
10:24 of 2nd period - Kirill Kaprizov is hit by Philippe Myers and loses puck.
10:27 of 2nd period - Shot by Pierre-Luc Dubois.
10:27 of 2nd period - Stopped by Joonas Korpisalo without a rebound.
10:28 of 2nd period - David Krejci wins face-off versus Ryan Donato in Avalanche zone.
10:56 of 2nd period - Icing by Brendan Smith.
10:57 of 2nd period - Ryan Donato wins face-off versus Pierre-Luc Dubois in Avalanche zone.
11:08 of 2nd period - Shot by Ryan Donato.
11:08 of 2nd period - Stopped by Antti Raanta without a rebound.
11:09 of 2nd period - Travis Boyd wins face-off versus Kevin Hayes in Coyotes zone.
11:15 of 2nd period - Barclay Goodrow is hit by Brendan Gallagher and loses puck.
11:29 of 2nd period - Kevin Hayes is hit by Philippe Myers.
11:33 of 2nd period - Shot by Barclay Goodrow.
11:33 of 2nd period - Stopped by Joonas Korpisalo without a rebound.
11:34 of 2nd period - Luke Kunin wins face-off versus David Krejci in Avalanche zone.
11:34 of 2nd period - Luke Kunin is hit by Nikita Kucherov.
12:02 of 2nd period - Oliver Ekman-Larsson is hit by Luke Kunin and loses puck.
12:10 of 2nd period - Minor Penalty to Charlie McAvoy for High sticking.
12:11 of 2nd period - Kevin Hayes wins face-off versus Ryan Donato in Coyotes zone.
13:27 of 2nd period - Shot by Kevin Labanc.
13:27 of 2nd period - Shot Misses the Net.
13:29 of 2nd period - Shot by Travis Boyd.
13:29 of 2nd period - Stopped by Antti Raanta without a rebound.
13:30 of 2nd period - Pierre-Luc Dubois wins face-off versus Kevin Labanc in Coyotes zone.
13:38 of 2nd period - Icing by Jakub Voracek.
13:39 of 2nd period - Pierre-Luc Dubois wins face-off versus Travis Boyd in Avalanche zone.
13:42 of 2nd period - Shot by Barclay Goodrow.
13:42 of 2nd period - Stopped by Joonas Korpisalo with a rebound.
13:44 of 2nd period - Shot by Barclay Goodrow.
13:44 of 2nd period - Stopped by Joonas Korpisalo without a rebound.
13:45 of 2nd period - Kevin Hayes wins face-off versus Ryan Donato in Avalanche zone.
14:12 of 2nd period - Richard Panik is hit by Charlie McAvoy and loses puck.
14:22 of 2nd period - Icing by Oliver Ekman-Larsson.
14:23 of 2nd period - Luke Kunin wins face-off versus David Krejci in Coyotes zone.
14:23 of 2nd period - Minor Penalty to Oliver Ekman-Larsson for Hooking.
14:24 of 2nd period - Travis Boyd wins face-off versus Kevin Hayes in Coyotes zone.
14:25 of 2nd period - Shot by Jakub Voracek.
14:25 of 2nd period - Shot Misses the Net.
14:27 of 2nd period - Shot by Philippe Myers.
14:27 of 2nd period - Shot Misses the Net.
14:41 of 2nd period - Shot by Kevin Labanc.
14:41 of 2nd period - Shot Blocked by Ilya Mikheyev.
14:43 of 2nd period - Shot by Travis Boyd.
14:43 of 2nd period - Stopped by Antti Raanta without a rebound.
14:44 of 2nd period - Ryan Donato wins face-off versus Pierre-Luc Dubois in Coyotes zone.
15:08 of 2nd period - Icing by Marcus Johansson.
15:09 of 2nd period - Ryan Donato wins face-off versus Kevin Hayes in Avalanche zone.
15:25 of 2nd period - Barclay Goodrow is hit by Brendan Gallagher and loses puck.
16:00 of 2nd period - Shot by William Borgen.
16:00 of 2nd period - Stopped by Antti Raanta without a rebound.
16:01 of 2nd period - Barclay Goodrow wins face-off versus Travis Boyd in Coyotes zone.
16:33 of 2nd period - Jordan Martinook is hit by Ethan Bear and loses puck.
16:48 of 2nd period - Shot by Antoine Roussel.
16:48 of 2nd period - Stopped by Antti Raanta without a rebound.
16:49 of 2nd period - Pierre-Luc Dubois wins face-off versus Ryan Donato in Coyotes zone.
17:04 of 2nd period - Shot by Kirill Kaprizov.
17:04 of 2nd period - Shot Misses the Net.
17:31 of 2nd period - Charlie McAvoy is hit by Luke Kunin and loses puck.
17:55 of 2nd period - Brock McGinn is hit by Charlie McAvoy.
17:57 of 2nd period - Shot by Luke Kunin.
17:57 of 2nd period - Stopped by Antti Raanta without a rebound.
17:58 of 2nd period - David Krejci wins face-off versus Travis Boyd in Coyotes zone.
19:11 of 2nd period - Shot by Barclay Goodrow.
19:11 of 2nd period - Stopped by Joonas Korpisalo with a rebound.
19:16 of 2nd period - Ryan Donato is hit by Ilya Mikheyev and loses puck.
Goals for this period are 0 for Coyotes vs 0 for Avalanche.
Shots for this period are 13 for Coyotes vs 13 for Avalanche.

3rd period


0:01 of 3rd period - David Krejci wins face-off versus Travis Boyd in neutral zone.
1:15 of 3rd period - Icing by Kirill Kaprizov.
1:16 of 3rd period - Pierre-Luc Dubois wins face-off versus Jordan Martinook in Coyotes zone.
1:18 of 3rd period - Kirill Kaprizov is hit by Antoine Roussel and loses puck.
1:22 of 3rd period - Charlie McAvoy is hit by Antoine Roussel and loses puck.
1:31 of 3rd period - Shot by Antoine Roussel.
1:31 of 3rd period - Stopped by Antti Raanta without a rebound.
1:32 of 3rd period - Kevin Hayes wins face-off versus Ryan Donato in Coyotes zone.
1:34 of 3rd period - Barclay Goodrow is hit by Micheal Ferland.
2:05 of 3rd period - Off-side.
2:06 of 3rd period - Leon Draisaitl wins face-off versus Luke Kunin in neutral zone.
2:36 of 3rd period - Leon Draisaitl is hit by William Borgen and loses puck.
3:16 of 3rd period - Kirill Kaprizov is hit by Jake Muzzin.
3:26 of 3rd period - Shot by Blake Coleman.
3:26 of 3rd period - Shot Misses the Net.
3:31 of 3rd period - Philippe Myers is hit by Oliver Ekman-Larsson and loses puck.
3:37 of 3rd period - Richard Panik is hit by Oliver Ekman-Larsson and loses puck.
3:51 of 3rd period - Icing by Oliver Ekman-Larsson.
3:52 of 3rd period - Travis Boyd wins face-off versus Pierre-Luc Dubois in Coyotes zone.
4:01 of 3rd period - Shot by Brendan Gallagher.
4:01 of 3rd period - Stopped by Antti Raanta without a rebound.
4:02 of 3rd period - Ryan Donato wins face-off versus Kevin Hayes in Coyotes zone.
4:27 of 3rd period - Shot by Ilya Mikheyev.
4:27 of 3rd period - Deflect By Barclay Goodrow.
4:27 of 3rd period - Shot Misses the Net.
4:29 of 3rd period - Shot by Cody Ceci.
4:29 of 3rd period - Shot Blocked by Patrik Nemeth.
4:31 of 3rd period - Shot by Ilya Mikheyev.
4:31 of 3rd period - Deflect By Kevin Hayes.
4:31 of 3rd period - Goal by Kevin Hayes - Coyotes : 4 - Avalanche : 0.
4:32 of 3rd period - David Krejci wins face-off versus Travis Boyd in neutral zone.
4:50 of 3rd period - Shot by Nikita Kucherov.
4:50 of 3rd period - Deflect By Leon Draisaitl.
4:50 of 3rd period - Goal by Leon Draisaitl - Coyotes : 5 - Avalanche : 0.
4:51 of 3rd period - Nico Sturm wins face-off versus Jordan Martinook in neutral zone.
4:58 of 3rd period - Icing by Jordan Martinook.
4:59 of 3rd period - Antoine Roussel wins face-off versus David Krejci in Avalanche zone.
5:03 of 3rd period - Richard Panik is hit by David Krejci and loses puck.
5:26 of 3rd period - Shot by Antoine Roussel.
5:26 of 3rd period - Stopped by Antti Raanta with a rebound.
5:28 of 3rd period - Shot by Libor Hajek.
5:28 of 3rd period - Stopped by Antti Raanta without a rebound.
5:29 of 3rd period - Pierre-Luc Dubois wins face-off versus Travis Boyd in Coyotes zone.
5:29 of 3rd period - Blake Coleman is hit by Brendan Gallagher and loses puck.
5:35 of 3rd period - Icing by Cody Ceci.
5:36 of 3rd period - Pierre-Luc Dubois wins face-off versus Jakub Voracek in Coyotes zone.
5:36 of 3rd period - Pierre-Luc Dubois is hit by Luke Kunin.
5:41 of 3rd period - Icing by Hampus Lindholm.
5:42 of 3rd period - Pierre-Luc Dubois wins face-off versus Travis Boyd in Coyotes zone.
6:09 of 3rd period - Shot by Blake Coleman.
6:09 of 3rd period - Shot Misses the Net.
6:15 of 3rd period - Blake Coleman is hit by Kevin Labanc.
6:45 of 3rd period - Shot by Leon Draisaitl.
6:45 of 3rd period - Shot Misses the Net.
6:54 of 3rd period - Ryan Donato is hit by Charlie McAvoy and loses puck.
7:38 of 3rd period - Kevin Hayes is hit by Brendan Smith and loses puck.
8:03 of 3rd period - Icing by Brendan Smith.
8:04 of 3rd period - Ryan Donato wins face-off versus Jesper Fast in Avalanche zone.
8:17 of 3rd period - Minor Penalty to Patrik Nemeth for Interference.
8:18 of 3rd period - Pierre-Luc Dubois wins face-off versus Luke Kunin in Avalanche zone.
9:20 of 3rd period - Shot by Kevin Hayes.
9:20 of 3rd period - Stopped by Joonas Korpisalo without a rebound.
9:21 of 3rd period - Jordan Martinook wins face-off versus David Krejci in Avalanche zone.
9:42 of 3rd period - Off-side.
9:43 of 3rd period - Jordan Martinook wins face-off versus Pierre-Luc Dubois in neutral zone.
10:07 of 3rd period - Shot by Charlie McAvoy.
10:07 of 3rd period - Shot Misses the Net.
10:09 of 3rd period - Shot by Cody Ceci.
10:09 of 3rd period - Shot Hit the Post.
10:11 of 3rd period - Shot by Cody Ceci.
10:11 of 3rd period - Stopped by Joonas Korpisalo without a rebound.
10:12 of 3rd period - Luke Kunin wins face-off versus David Krejci in Avalanche zone.
10:12 of 3rd period - Antoine Roussel is hit by Kevin Hayes and loses puck.
10:22 of 3rd period - Jesper Fast is hit by Patrik Nemeth and loses puck.
10:44 of 3rd period - Jesper Fast is hit by Brendan Gallagher.
10:57 of 3rd period - Icing by Nico Sturm.
10:58 of 3rd period - Nico Sturm wins face-off versus Ryan Donato in Coyotes zone.
10:58 of 3rd period - Nico Sturm is hit by Micheal Ferland.
11:21 of 3rd period - Icing by Libor Hajek.
11:22 of 3rd period - David Krejci wins face-off versus Ryan Donato in Avalanche zone.
11:28 of 3rd period - Icing by William Borgen.
11:29 of 3rd period - David Krejci wins face-off versus Ryan Donato in Avalanche zone.
11:35 of 3rd period - Icing by Libor Hajek.
11:36 of 3rd period - David Krejci wins face-off versus Ryan Donato in Avalanche zone.
11:40 of 3rd period - Icing by Libor Hajek.
11:41 of 3rd period - David Krejci wins face-off versus Ryan Donato in Avalanche zone.
11:48 of 3rd period - Shot by Leon Draisaitl.
11:48 of 3rd period - Stopped by Joonas Korpisalo without a rebound.
11:49 of 3rd period - David Krejci wins face-off versus Luke Kunin in Avalanche zone.
12:04 of 3rd period - Shot by Jakub Voracek.
12:04 of 3rd period - Shot Blocked by Cody Ceci.
12:49 of 3rd period - Shot by Oliver Ekman-Larsson.
12:49 of 3rd period - Shot Misses the Net.
12:58 of 3rd period - Kirill Kaprizov is hit by Patrik Nemeth and loses puck.
13:04 of 3rd period - Minor Penalty to Brendan Smith for High sticking.
13:05 of 3rd period - David Krejci wins face-off versus Jordan Martinook in Avalanche zone.
13:19 of 3rd period - Icing by Hampus Lindholm.
13:20 of 3rd period - David Krejci wins face-off versus Luke Kunin in Coyotes zone.
14:21 of 3rd period - Shot by Nikita Kucherov.
14:21 of 3rd period - Stopped by Joonas Korpisalo with a rebound.
14:32 of 3rd period - Cody Ceci is hit by Jake Muzzin and loses puck.
15:18 of 3rd period - Shot by Jesper Fast.
15:18 of 3rd period - Shot Blocked by Patrik Nemeth.
15:20 of 3rd period - Shot by Nico Sturm.
15:20 of 3rd period - Shot Misses the Net.
15:33 of 3rd period - Shot by Oskar Sundqvist.
15:33 of 3rd period - Shot Misses the Net.
16:01 of 3rd period - Shot by Ilya Mikheyev.
16:01 of 3rd period - Shot Blocked by Jake Muzzin.
16:03 of 3rd period - Shot by Charlie McAvoy.
16:03 of 3rd period - Shot Misses the Net.
16:58 of 3rd period - Icing by Richard Panik.
16:59 of 3rd period - David Krejci wins face-off versus Jordan Martinook in Avalanche zone.
18:02 of 3rd period - Shot by Kevin Hayes.
18:02 of 3rd period - Shot Misses the Net.
18:48 of 3rd period - Icing by Jake Muzzin.
18:49 of 3rd period - Pierre-Luc Dubois wins face-off versus Luke Kunin in Avalanche zone.
19:43 of 3rd period - Shot by Kevin Labanc.
19:43 of 3rd period - Shot Blocked by Ethan Bear.
19:51 of 3rd period - Shot by Travis Boyd.
19:51 of 3rd period - Shot Misses the Net.
19:59 of 3rd period - Icing by Patrik Nemeth.
Goals for this period are 2 for Coyotes vs 0 for Avalanche.
Shots for this period are 6 for Coyotes vs 4 for Avalanche.




Output by the SimonT Hockey Simulator (STHS) for Tyler Bell - Original Page W3C HTML5 Valid
Hockey Simulator - Hockey Simulation - Hockey Manager